 Dungeon Sprint DCSS version 0.24.1-14-gf8d2b509d9 (webtiles) character file.

Game seed: 11506382014458153936, levelgen mode: deterministic

16641 Zeld the Warrior (level 12, -7/133 HPs)
             Began as a Minotaur Berserker on May 21, 2022.
             Was a High Priest of Trog.
             Killed from afar by a lich (8 damage)
             ... with a bolt of lightning
             ... in the Dungeon (Sprint IX: "|||||||||||||||||||||||||||||").
             The game lasted 00:07:15 (2908 turns).

Zeld the Warrior (Minotaur Berserker)               Turns: 2908, Time: 00:07:15

Health: -7/133     AC: 23    Str: 27    XL:     12   Next: 11%
Magic:  11/11      EV: 14    Int:  4    God:    Trog [*****.]
Gold:   1655       SH:  0    Dex:  7    Spells: 11/11 levels left

rFire    . . .     SeeInvis +   a - +5 broad axe (venom)
rCold    + . .     Gourm    .   (no shield)
rNeg     + + +     Faith    .   z - +0 storm dragon scales
rPois    +         Spirit   .   j - +0 hat {SInv}
rElec    +         Reflect  .   i - +0 cloak "Estitiz" {+Fly rPois rC+ rN+ Dex-3}
rCorr    .         Harm     .   b - +2 pair of gloves "Duohih" {rN++ MR+}
MR       +....     NoTele   +   o - +0 pair of boots
Stlth    ..........             (no amulet)
HPRegen  0.32/turn              (no ring)
MPRegen  0.12/turn              (no ring)

@: berserk cooldown, slowed, very slow
A: retaliatory headbutt, horns 2
a: Berserk, Trog's Hand, Brothers in Arms, Renounce Religion, Evoke Flight


You were in the Dungeon.
You worshipped Trog.
Trog was extremely pleased with you.
You were very hungry.

You visited 1 branch You collected 1950 gold pieces.
You spent 295 gold pieces at shops.

Inventory:

Hand Weapons
 a - a +5 broad axe of venom (weapon)
 w - a +4 executioner's axe of flaming
 y - a +5 antimagic executioner's axe
Armour
 b - the +2 pair of gloves "Duohih" (worn) {rN++ MR+}
   (You found it in the Dungeon)

   It greatly protects you from negative energy.
   It affects your resistance to hostile enchantments.
 i - the +0 cloak "Estitiz" (worn) {+Fly rPois rC+ rN+ Dex-3}
   (You bought it in a shop in the Dungeon)

   It affects your dexterity (-3).
   It protects you from cold.
   It protects you from poison.
   It protects you from negative energy.
   It lets you fly.
 j - a +0 hat of see invisible (worn)
 o - a +0 pair of boots (worn)
 z - +0 storm dragon scales (worn)
Wands
 m - a wand of iceblast (10)
Scrolls
 l - 3 scrolls of remove curse
 s - 3 scrolls of identify
 t - 2 scrolls of enchant armour
 u - 4 scrolls of enchant weapon
 v - 3 scrolls of fear
Potions
 d - 9 potions of curing
 e - 7 potions of heal wounds
 f - a potion of haste
 g - 5 potions of magic
 h - 2 potions of berserk rage
 k - a potion of invisibility
 p - a potion of agility
 q - 4 potions of brilliance
Miscellaneous
 r - a phial of floods
Comestibles
 c - 10 rations


   Skills:
 * Level 20.2 Fighting
 * Level 20.1 Axes
 + Level 14.9 Armour
 + Level 13.8 Dodging


You had 11 spell levels left.
You didn't know any spells.
Your spell library was empty.

Dungeon Overview and Level Annotations

Branches:
Dungeon (1/1)

Altars:
Cheibriados
Dithmenos
Elyvilon
Fedhas
Gozag
Hepliaklqana
Kikubaaqudgha
Makhleb
Nemelex Xobeh
Okawaru
Qazlal
Ru
Sif Muna
Trog
Uskayaw
Vehumet
Wu Jian
Xom
Yredelemnul
Zin
The Shining One
Beogh
Jiyva
Lugonu

Shops:
D [([(


Innate Abilities, Weirdness & Mutations

You reflexively headbutt those who attack you in melee.
You have a pair of horns on your head.


Message History

The lich touches your troll!
Your troll dies!
Your troll's corpse disappears in a puff of smoke!
Unknown command.
The lich casts a spell at you. The bolt of lightning hits you. You resist.
The ogre mage mumbles some strange words.
The ogre mage flickers and vanishes for a moment.
Your deep troll goes berserk!
You are feeling very hungry.
The lich launches a ball of destructive magic.
The wavering orb of destruction weakly hits you!!!
* * * LOW HITPOINT WARNING * * *
The lich touches you but does no damage.
The lich closely misses you. You furiously retaliate!
You headbutt the lich.
You swap places.
The lich gestures at you while chanting.
The bolt of lightning hits your deep troll!!!
The bolt of lightning hits you! You resist.
You die...

▓.▓.▓.▓.▓÷▓.▓_▓
▓.▓.▓.▓.▓)▓.▓_▓
▓.▓.▓.▓.▓÷▓.▓_▓
▓.▓.▓.▓.▓.▓.▓_▓
▓.▓.▓.▓.▓.▓.▓_▓
▓.▓.▓)▓.▓.▓.▓_▓
▓.▓.▓.▓.▓.▓.▓_▓
▓.▓.▓)▓.▓.▓.▓_▓
▓@▓.▓)▓.▓)▓.▓'▓
▓T▓.▓)▓.▓†▓.▓.▓
▓L▓.▓)▓.▓.▓.▓?▓
▓u▓.▓)▓.▓.▓.▓|▓
▓O▓.▓)▓.▓.▓.▓)▓
▓c▓.▓∩▓.▓.▓.▓.▓
▓Q▓.▓.▓.▓.▓.▓.▓
▓*▓.▓∩▓.▓.▓.▓[▓
▓.▓.▓.▓.▓.▓.▓.▓


You could see a lich, a white ugly thing, an ogre mage (invisible), a yaktaur, a
tengu conjurer, a battlesphere and a friendly deep troll (berserk).

Vanquished Creatures
  Gastronok (D)
  3 two-headed ogres (D)
  A tengu warrior (D)
  2 ogre magi (D)
  A death yak (D)
  A skeletal warrior (D)
  An unseen horror (D)
  An orc knight (D)
  An orc sorcerer (D)
  A guardian serpent (shapeshifter) (D)
  A manticore (D)
  4 spiny frogs (D)
  3 komodo dragons (D)
  A yaktaur (D)
  2 hippogriffs (D)
  A shadow (D)
  A yak (D)
  A wyvern (D)
  Grum (D)
  3 wargs (D)
  A water moccasin (D)
  2 porcupines (D)
  4 hell hounds (D)
  5 orc warriors (D)
  An ice beast (D)
  A black bear (D)
  3 ogres (D)
  3 wolves (D)
  A crocodile (D)
  8 bullfrogs (D)
  2 scorpions (D)
  A howler monkey (D)
  2 hounds (D)
  A jelly (D)
  2 orc priests (D)
  2 orc wizards (D)
  2 worker ants (D)
  2 adder skeletons (D)
  8 orcs (D)
  A bat (D)
  A jackal (D)
  A frilled lizard (D)
  A kobold (D)
  A rat (D)
87 creatures vanquished.

Vanquished Creatures (collateral kills)
  A two-headed ogre (D)
  2 ogre magi (D)
  Sonja (D)
  3 orc knights (D)
  An orc warrior (D)
  2 ogres (D)
  An orc priest (D)
  An orc (D)
12 creatures vanquished.

Grand Total: 99 creatures vanquished

Notes
Turn   | Place    | Note
-------+----------+-------------------------------------------
     0 | D        | Zeld the Minotaur Berserker began the quest for the Orb.
     0 | D        | Reached XP level 1. HP: 19/19 MP: 0/0
     8 | D        | Reached ** piety under Trog
    26 | D        | Noticed a jelly
    26 | D        | Noticed a scorpion
    26 | D        | Noticed a scorpion
    26 | D        | Noticed a worker ant
    26 | D        | Noticed a worker ant
    29 | D        | Killed a jelly
    29 | D        | Reached skill level 5 in Fighting
    29 | D        | Reached skill level 5 in Axes
    29 | D        | Reached XP level 2. HP: 10/30 MP: 1/1
    29 | D        | Reached XP level 3. HP: 12/37 MP: 2/2
   260 | D        | Killed a scorpion
   260 | D        | Reached *** piety under Trog
   260 | D        | Reached XP level 4. HP: 45/45 MP: 3/3
   263 | D        | Reached skill level 5 in Armour
   267 | D        | Reached XP level 5. HP: 53/53 MP: 4/4
   268 | D        | Reached skill level 5 in Dodging
   315 | D        | Found a roughly hewn altar of Beogh.
   315 | D        | Found a snail-covered altar of Cheibriados.
   315 | D        | Found a shadowy altar of Dithmenos.
   315 | D        | Found a white marble altar of Elyvilon.
   315 | D        | Found a blossoming altar of Fedhas.
   315 | D        | Found an opulent altar of Gozag.
   397 | D        | Found a hazy altar of Hepliaklqana.
   398 | D        | Found a viscous altar of Jiyva.
   399 | D        | Found an ancient bone altar of Kikubaaqudgha.
   400 | D        | Found a corrupted altar of Lugonu.
   401 | D        | Found a burning altar of Makhleb.
   402 | D        | Found a sparkling altar of Nemelex Xobeh.
   403 | D        | Found an iron altar of Okawaru.
   404 | D        | Found a stormy altar of Qazlal.
   405 | D        | Found a sacrificial altar of Ru.
   406 | D        | Found a shimmering blue altar of Sif Muna.
   407 | D        | Found a bloodstained altar of Trog.
   408 | D        | Found a hide-covered altar of Uskayaw.
   409 | D        | Found a radiant altar of Vehumet.
   410 | D        | Found an ornate altar of the Wu Jian Council.
   411 | D        | Found a shimmering altar of Xom.
   414 | D        | Found a basalt altar of Yredelemnul.
   415 | D        | Found a glowing silver altar of Zin.
   416 | D        | Found a glowing golden altar of the Shining One.
   459 | D        | Noticed an ice beast
   459 | D        | Noticed a yak
   459 | D        | Noticed a wyvern
   459 | D        | Noticed a hippogriff
   462 | D        | Reached **** piety under Trog
   467 | D        | Killed an ice beast
   467 | D        | Reached XP level 6. HP: 66/66 MP: 5/5
   469 | D        | Killed a yak
   469 | D        | Reached skill level 10 in Fighting
   469 | D        | Reached skill level 10 in Axes
   472 | D        | Killed an unseen horror
   472 | D        | Reached XP level 7. HP: 78/78 MP: 6/6
   475 | D        | Killed a wyvern
   475 | D        | Reached XP level 8. HP: 85/85 MP: 7/7
   479 | D        | Killed a hippogriff
   479 | D        | Reached ***** piety under Trog
   522 | D        | Noticed a manticore
   522 | D        | Noticed a hippogriff
   524 | D        | Noticed a guardian serpent
   524 | D        | a manticore changed into a guardian serpent
   527 | D        | Killed a guardian serpent
   530 | D        | Killed a hippogriff
   530 | D        | Reached skill level 10 in Armour
   537 | D        | Received a gift from Trog
   680 | D        | Noticed a komodo dragon
   680 | D        | Noticed a spiny frog
   680 | D        | Noticed a spiny frog
   680 | D        | Noticed a komodo dragon
   682 | D        | Killed a komodo dragon
   682 | D        | Reached XP level 9. HP: 95/95 MP: 8/8
   683 | D        | Killed a spiny frog
   684 | D        | Noticed a spiny frog
   689 | D        | Killed a spiny frog
   689 | D        | Reached skill level 15 in Fighting
   689 | D        | Reached skill level 10 in Dodging
   692 | D        | Reached skill level 15 in Axes
   693 | D        | Killed a komodo dragon
   697 | D        | Killed a spiny frog
   697 | D        | Reached ****** piety under Trog
   699 | D        | Received a gift from Trog
   873 | D        | Noticed a spiny frog
   873 | D        | Noticed a komodo dragon
   876 | D        | Killed a spiny frog
   877 | D        | Noticed a death yak
   877 | D        | Reached XP level 10. HP: 107/107 MP: 9/9
   889 | D        | Killed a death yak
   892 | D        | Received a gift from Trog
   963 | D        | Received a gift from Trog
  1174 | D        | Noticed Gastronok
  1189 | D        | Killed Gastronok
  1194 | D        | Noticed Grum
  1201 | D        | Killed Grum
  1201 | D        | Reached XP level 11. HP: 104/118 MP: 10/10
  1205 | D        | Received a gift from Trog
  1389 | D        | Noticed an orc knight
  1405 | D        | Killed an orc knight
  1413 | D        | Received a gift from Trog
  1543 | D        | Noticed an orc sorcerer
  1545 | D        | Received a gift from Trog
  1553 | D        | Noticed an orc knight
  1557 | D        | Noticed an orc knight
  1560 | D        | Noticed an orc knight
  1560 | D        | Killed an orc sorcerer
  1569 | D        | Killed an orc knight
  1573 | D        | Killed an orc knight
  1580 | D        | Killed an orc knight
  1597 | D        | Received a gift from Trog
  1988 | D        | Found Erchy Omp's Armour Emporium.
  1988 | D        | Noticed an ogre mage
  1988 | D        | Noticed an ogre mage
  1991 | D        | Noticed a two-headed ogre
  1993 | D        | Found Afuibeza's Weapon Shoppe.
  1993 | D        | Noticed a two-headed ogre
  1999 | D        | Killed an ogre mage
  2000 | D        | Found Hobal's Armour Emporium.
  2003 | D        | Killed an ogre mage
  2003 | D        | Received a gift from Trog
  2004 | D        | Noticed an ogre mage
  2008 | D        | Noticed a two-headed ogre
  2010 | D        | Killed a two-headed ogre
  2011 | D        | Found Padec's Weapon Shoppe.
  2012 | D        | Noticed an ogre mage
  2013 | D        | Killed a two-headed ogre
  2025 | D        | Killed an ogre mage
  2027 | D        | Killed a two-headed ogre
  2027 | D        | Killed an ogre mage
  2029 | D        | Received a gift from Trog
  2245 | D        | Noticed a two-headed ogre
  2250 | D        | Bought the +0 cloak "Estitiz" {+Fly rPois rC+ rN+ Dex-3}
                  | for 295 gold pieces
  2256 | D        | Killed a two-headed ogre
  2318 | D        | Noticed Sonja
  2336 | D        | Killed Sonja
  2835 | D        | Got the +2 pair of gloves "Duohih" {rN++ MR+}
  2865 | D        | Noticed a tengu warrior
  2873 | D        | Killed a tengu warrior
  2878 | D        | Reached XP level 12. HP: 132/132 MP: 11/11
  2883 | D        | Received a gift from Trog
  2884 | D        | Noticed an ogre mage
  2890 | D        | Noticed a lich
  2900 | D        | Paralysed by a lich for 2 turns
  2907 | D        | HP: 1/133 [disintegration (45)]
  2908 | D        | Killed from afar by a lich

Levels and vault maps discovered:
D:        linesprint [early_d, line_temple, items_1, d_10, items_2, lair_1,
          lair_end, items_3, orc_1, orc_end, items_4, d_15, swamp_1, shoals_1,
          snake_1, spider_1, d_20, vaults_1, items_5, swamp_end, shoals_end,
          snake_end, spider_end, vaults_end, d_27, items_6, zot_1, zot_end,
          crypt_end, forest_end, elf_end, slime_end, tomb_end, abyss_end,
          pan_hell_end]

Skill      XL: |  1  2  3  4  5  6  7  8  9 10 11 12 |
---------------+-------------------------------------+-----
Axes           | 5 6 8 9 12 14 15 17 19 20 | 20.1
Fighting       | 5 6 8 9 12 14 15 17 19 20 | 20.2
Armour         | 3 4 5 6 8 9 10 11 12 14 | 14.9
Dodging        | 3 4 6 8 9 10 12 13 | 13.8

Action                   |  1- 3 |  4- 6 |  7- 9 | 10-12 || total
-------------------------+-------+-------+-------+-------++-------
Melee: Hand axe          |    12 |     6 |       |       ||    18
       Headbutt          |     2 |     3 |     8 |    29 ||    42
       War axe           |       |    12 |    39 |    14 ||    65
       Broad axe         |       |       |       |   131 ||   131
Invok: Berserk           |     2 |     1 |     3 |     5 ||    11
       Brothers in Arms  |       |       |       |     8 ||     8
  Use: Scroll            |       |       |       |     2 ||     2
  Eat: Chunk             |       |       |     4 |     7 ||    11
       Ration            |       |       |       |     2 ||     2
Armor: Animal skin       |     2 |     1 |     4 |     9 ||    16
       Storm dragon scal |       |       |       |    11 ||    11
Dodge: Dodged            |     8 |     7 |    11 |    86 ||   112
